 Dungeon Crawl Stone Soup version 0.23-a0-650-ga4d50d4 (webtiles) character file.

12 Lanoc the Cudgeler (level 2, 0/43 HPs)
             Began as a Troll Berserker on Jan 5, 2019.
             Was a Follower of Trog.
             Slain by Sigmund
             ... wielding a +3 scythe of flaming
              (3 damage)
             ... on level 2 of the Dungeon.
             The game lasted 00:00:45 (227 turns).

Lanoc the Cudgeler (Troll Berserker)                 Turns: 227, Time: 00:00:46

Health: 0/43       AC:  5    Str: 29    XL:     2   Next: 20%
Magic:  1/1        EV: 10    Int:  3    God:    Trog [*.....]
Gold:   21         SH:  0    Dex:  9    Spells: 1/1 levels left

rFire    . . .     SeeInvis .   a - +0 mace
rCold    . . .     Gourm    +   (no shield)
rNeg     . . .     Faith    .   b - +0 animal skin
rPois    .         Spirit   .   (helmet restricted)
rElec    .         Reflect  .   (no cloak)
rCorr    .         Harm     .   (gloves unavailable)
MR       .....                  (boots unavailable)
Stlth    ..........             (no amulet)
HPRegen  0.54/turn              (no ring)
MPRegen  0.07/turn              (no ring)

@: berserking (expiring), very quick
A: large, unfitting armour, claws 3, fast metabolism 3, gourmand, regeneration
1, shaggy fur 1, tough skin 2
a: Berserk, Renounce Religion


You were on level 2 of the Dungeon.
You worshipped Trog.
Trog was aware of your devotion.
You were full.

You visited 1 branch of the dungeon, and saw 2 of its levels.

You collected 21 gold pieces.

Inventory:

Hand Weapons
 a - a +0 mace (weapon)
Armour
 b - a +0 animal skin (worn)
Scrolls
 d - a scroll of amnesia {unknown}
 e - 3 scrolls of random uselessness {unknown}
 f - a scroll of identify {unknown}
 g - a scroll of enchant weapon {unknown}
Comestibles
 c - 3 rations


   Skills:
 + Level 2.5 Fighting
 * Level 3.0 Maces & Flails
 + Level 2.6 Dodging


You had one spell level left.
You didn't know any spells.
Your spell library was empty.

Dungeon Overview and Level Annotations

Branches:
Dungeon (2/15)

Altars:
Nemelex Xobeh

Annotations:
D:2 Sigmund


Innate Abilities, Weirdness & Mutations

You are too large for most types of armour.
You have claws for hands.
Your metabolism is lightning-fast.
You like to eat raw meat.
Your natural rate of healing is unusually fast.
You are covered in fur. (AC +1)
You have very tough skin. (AC +2)


Message History

You thump something!
You hear some strange, mumbled words.
A puff of flame appears from out of thin air!
The puff of flame hits you!
You miss something.
You hear some strange, mumbled words.
A magic dart appears from out of thin air!
The magic dart hits you!
You barely miss something. Something hits you! Something burns you.
* * * LOW HITPOINT WARNING * * *
You miss something. You completely miss something. Something hits you.
* * * LOW HITPOINT WARNING * * *
Something burns you.
* * * LOW HITPOINT WARNING * * *
You miss something. You sock something! Something hits you.
* * * LOW HITPOINT WARNING * * *
Something burns you.
You die...

##...........#
#............#
##.........)..###
#>.#............
#..⌠.⌠........##.
.)._......<.....
###
#⌠.⌠........<#
....#..##..@{...#
##...........####
........#######
##..###.###.... .
###..#..#
#......# #.....##
.# #.....# ...
#.....# ###


There were no monsters in sight!

Vanquished Creatures
  A giant cockroach (D:1)
  4 goblins
  A hobgoblin (D:1)
  A frilled lizard (D:1)
  2 kobolds (D:2)
  4 rats (D:1)
13 creatures vanquished.

Notes
Turn   | Place    | Note
-------+----------+-------------------------------------------
     0 | D:1      | Lanoc the Troll Berserker began the quest for the Orb.
     0 | D:1      | Reached XP level 1. HP: 22/22 MP: 0/0
    92 | D:1      | Reached skill level 3 in Maces & Flails
   128 | D:2      | Reached XP level 2. HP: 25/29 MP: 1/1
   211 | D:2      | Found a sparkling altar of Nemelex Xobeh.
   216 | D:2      | Noticed Sigmund
   227 | D:2      | Slain by Sigmund

Vault maps used:
D:1:      onia_arrival_larder, corexii_leaking_fountain
D:2:      lemuel_round_altar, nemelex_xobeh_ov_fountains_minmay, uniq_sigmund

Skill      XL: |  1 |
---------------+----+-----
Maces & Flails | 3 |  3.0
Fighting       | |  2.5
Dodging        | |  2.6

Action                   || total
-------------------------++-------
Melee: Mace              ||    36
Invok: Berserk           ||     1
 Stab: Sleeping          ||     1
  Eat: Chunk             ||     5
Armor: Animal skin       ||    14
Dodge: Dodged            ||    21

Table legend:
 A = Non-vault XP
 B = Vault XP
 C = Vault XP percentage of total XP
 D = Non-vault monster count
 E = Vault monster count
 F = Vault count percentage of total count
                 A         B        C        D         E       F
            +---------+---------+-------+---------+---------+-------
      Total |      12 |       6 |  33.3 |       8 |       5 |  38.5
            +---------+---------+-------+---------+---------+-------
        D:1 |       5 |       6 |  54.5 |       3 |       5 |  62.5
        D:2 |       7 |       0 |   0.0 |       5 |       0 |   0.0
            +---------+---------+-------+---------+---------+-------
